 Dungeon Crawl Stone Soup version 0.19-a0-1047-g4b671ad (webtiles) character file.

14 Bastard the Shield-Bearer (level 2, 0/24 HPs)
             Began as a Formicid Fighter on July 31, 2016.
             Slain by a giant cockroach (1 damage)
             ... on level 1 of the Dungeon.
             The game lasted 00:01:46 (477 turns).

Bastard the Shield-Bearer (Formicid Fighter)         Turns: 477, Time: 00:01:46

Health: 0/24       AC:  6    Str: 20    XL:     2   Next: 55%
Magic:  2/2        EV:  7    Int:  7    God:
Gold:   60         SH:  9    Dex: 10    Spells: 0 memorised, 1 level left

rFire  . . .     SeeInvis +     a - +0 war axe
rCold  . . .     Gourm    .     b - +0 scale mail
rNeg   . . .     Faith    .     c - +0 shield
rPois  .         Spirit   .     (helmet unavailable)
rElec  .         Dismiss  .     (no cloak)
rCorr  .         Reflect  .     (no gloves)
SustAt .         Harm     .     (no boots)
MR     .....                    (no amulet)
Stlth  ..........               (no ring)
                                (no ring)

@: not resistant to hostile enchantments, extremely unstealthy
A: permanent stasis, dig shafts and tunnels, four strong arms, antennae 3
a: Dig, Shaft Self


You were on level 1 of the Dungeon.
You were not hungry.

You visited 1 branch of the dungeon, and saw 2 of its levels.

You collected 60 gold pieces.

Inventory:

Hand Weapons
 a - a +0 war axe (weapon)
Armour
 b - a +0 scale mail (worn)
 c - a +0 shield (worn)
Scrolls
 g - a scroll of fear {unknown}
 h - 4 scrolls of identify {unknown}
 j - a scroll of teleportation {unknown}
 l - a scroll of recharging {unknown}
 n - a scroll of magic mapping {unknown}
 o - a scroll of enchant armour {unknown}
Potions
 d - 2 potions of might
 e - a potion of beneficial mutation {unknown}
 i - a potion of cancellation {unknown}
Comestibles
 f - a bread ration
 k - a chunk of flesh
 m - 4 fruits
 p - a meat ration


   Skills:
 - Level 3.2 Fighting
 + Level 3.0 Axes
 - Level 3.2 Armour
 - Level 3.6 Shields


You had one spell level left.
You didn't know any spells.

Dungeon Overview and Level Annotations

Branches:
Dungeon (2/15)

Altars:


Innate Abilities, Weirdness & Mutations

You are under a permanent stasis effect.
You can dig through walls and to a lower floor.
Your four strong arms can wield two-handed weapons with a shield.
You have a pair of large antennae on your head. (SInv)


Message History

You hit the dart slug but do no damage. The jackal barely misses you.
You block the jackal's attack.
The giant cockroach bites you but does no damage.
The dart slug bites you. The worm bites you!
* * * LOW HITPOINT WARNING * * *
Unknown command.
The jackal bites you but does no damage.
The giant cockroach bites you but does no damage.
The dart slug launches a dart at you.
Helpless, you fail to dodge the slug dart.
* * * LOW HITPOINT WARNING * * *
The jackal bites you but does no damage.
You climb upwards.
There is a stone staircase leading down here.
Unknown command.
The giant cockroach bites you.
* * * LOW HITPOINT WARNING * * *
The jackal bites you but does no damage.
You block the worm's attack. The giant cockroach bites you.
You die...

#.......#).............#.#.#..
#.......##..#..#.###.#.#.#.###
#######.#####.....#.###.#.#.#....
.........>.....#..#.##...........
#.....[...................#######
#.........................#......
#................................
#.......................†........
#..............h@#...(...........
#........#####.wws...............
#........# #.#.#....##...).....
#........# #.#.#....##.........
#........# #.#.#..........#.###
########## #.#.#.########.#.#
#.#.#........#.#)#
#.#.##########.#.#
#.#............#.#


You could see a worm, a dart slug, a jackal and a giant cockroach.

Vanquished Creatures
  A ball python (D:1)
  A giant cockroach (D:2)
  2 hobgoblins (D:1)
  A jackal (D:2)
  3 bats
  2 kobolds (D:1)
  4 rats
14 creatures vanquished.

Notes
Turn   | Place    | Note
-------+----------+-------------------------------------------
     0 | D:1      | Bastard the Formicid Fighter began the quest for the Orb.
     0 | D:1      | Reached XP level 1. HP: 18/18 MP: 1/1
   382 | D:1      | Reached XP level 2. HP: 24/24 MP: 2/2
   477 | D:1      | HP: 1/24 [giant cockroach (1)]
   477 | D:1      | Slain by a giant cockroach

Vault maps used:
D:1:      elethiomel_arrival_shortcut

Skill      XL: |  1  2 |
---------------+-------+-----
Axes           | 3 |  3.0
Fighting       | |  3.2
Armour         | |  3.2
Shields        | |  3.6

Action                   || total
-------------------------++-------
Melee: War axe           ||    28
Armor: Scale mail        ||    32
Dodge: Dodged            ||    19
Block: Shield            ||    26
